 Dungeon Crawl Stone Soup version 0.23-a0-494-g91793a9 (webtiles) character file.

61 Leeroy the Charmwright (level 4, -1/38 HPs)
             Began as a Gnoll Skald on Dec 3, 2018.
             Slain by a gnoll
             ... wielding a +0 halberd
              (11 damage)
             ... on level 2 of the Dungeon on Dec 4, 2018.
             The game lasted 00:06:10 (1348 turns).

Leeroy the Charmwright (Gnoll Skald)                Turns: 1348, Time: 00:06:10

Health: -1/38      AC:  3    Str: 14    XL:     4   Next: 7%
Magic:  7/11       EV: 14    Int: 16    God:
Gold:   71         SH:  0    Dex: 14    Spells: 2/13 levels left

rFire    . . .     SeeInvis .   a - +0 falchion
rCold    . . .     Gourm    .   (no shield)
rNeg     . . .     Faith    .   b - +0 leather armour
rPois    .         Spirit   .   (no helmet)
rElec    .         Reflect  .   (no cloak)
rCorr    .         Harm     .   (no gloves)
MR       .....                  (no boots)
Stlth    +.........             (no amulet)
HPRegen  0.12/turn              (no ring)
MPRegen  0.12/turn              (no ring)

@: no status effects
A: distributed training, fangs 1, strong nose
a: no special abilities


You were on level 2 of the Dungeon.
You were hungry.

You visited 1 branch of the dungeon, and saw 2 of its levels.

You collected 71 gold pieces.

Inventory:

Hand Weapons
 a - a +0 falchion (weapon)
 e - a +0 dagger
 k - a +0 short sword
 m - a +0 dagger
 r - a +0 hunting sling of velocity
 u - a +2 vampiric spear
Missiles
 i - 27 stones (quivered)
 q - 21 sling bullets
 s - 30 arrows
Armour
 b - a +0 leather armour (worn)
Jewellery
 c - an uncursed amulet of guardian spirit {unknown}
Scrolls
 f - a scroll of teleportation
Potions
 h - a potion of heal wounds {unknown}
 j - a potion of curing {unknown}
 l - a potion of degeneration {unknown}
 n - 2 potions of flight {unknown}
 p - a potion of mutation {unknown}
 t - a potion of ambrosia {unknown}
Comestibles
 d - 4 rations
 g - a chunk of flesh


   Skills:
 + Level 4.6 Fighting
 + Level 1.0 Short Blades
 + Level 4.6 Long Blades
 + Level 1.0 Axes
 + Level 1.0 Maces & Flails
 + Level 1.0 Polearms
 + Level 1.0 Staves
 + Level 1.0 Slings
 + Level 1.0 Bows
 + Level 1.0 Crossbows
 + Level 1.0 Throwing
 + Level 2.7 Armour
 + Level 4.6 Dodging
 + Level 1.0 Stealth
 + Level 1.0 Shields
 + Level 1.0 Unarmed Combat
 + Level 5.0 Spellcasting
 + Level 0.7 Conjurations
 + Level 0.7 Hexes
 + Level 5.4 Charms
 + Level 0.7 Summonings
 + Level 0.7 Necromancy
 + Level 0.7 Translocations
 + Level 0.7 Transmutations
 + Level 0.7 Fire Magic
 + Level 0.7 Ice Magic
 + Level 0.7 Air Magic
 + Level 0.7 Earth Magic
 + Level 0.7 Poison Magic
 + Level 1.1 Invocations
 + Level 1.0 Evocations


You had 2 spell levels left.
You knew the following spells:

 Your Spells              Type           Power        Failure   Level  Hunger
a - Infusion              Chrm           ###.         1%          1    None
b - Song of Slaying       Chrm           ###.....     3%          2    #......
c - Shroud of Golubria    Chrm/Tloc      ##........   8%          2    #......
d - Regeneration          Chrm/Necr      ##........   16%         3    ###....
e - Spectral Weapon       Hex/Chrm       ##......     16%         3    ###....

Your spell library contained the following spells:

 Spells                   Type           Power        Failure   Level  Hunger


Dungeon Overview and Level Annotations

Branches:
Dungeon (2/15)

Altars:


Innate Abilities, Weirdness & Mutations

Your experience applies equally to all skills.
You have very sharp teeth.
Your uncanny sense of smell can sniff out nearby items.


Message History

Your skin is crawling a little less now.
The gnoll hits you but does no damage.
You hit the worm.
The worm is heavily wounded.
The worm misses you. The gnoll barely misses you.
You hit the worm.
The worm is severely wounded.
The gnoll hits you from afar with a +0 halberd.
Your shroud falls apart!
The worm closely misses you.
You riposte.
You slash the worm!
The worm is almost dead.
You barely miss the worm.
The worm is almost dead.
The gnoll hits you from afar with a +0 halberd!
* * * LOW HITPOINT WARNING * * *
You hit the worm but do no damage.
The worm is almost dead.
Your skin stops crawling.
The gnoll hits you from afar with a +0 halberd!
You die...

###'## #)##.######
####....# #.........#
........# ####.####.#
####..### #....# #.#
......#####.##.####.# ##
....#.............#.# ..
∆
....####...######.#.#.#
..........###..##.....##
....####.
##..gw@.#........ ....#
#...#......###### #.###
#... ##..#.## #... #..
∆##.#... ##### ##
∆#.###.# #.# .# ∆ ..# #
#.# .#


You could see a worm and a gnoll.

Vanquished Creatures
  An adder (D:2)
  3 oozes
  A worm (D:2)
  A dart slug (D:1)
  4 giant cockroaches
  4 goblins
  4 hobgoblins
  5 jackals (D:2)
  3 kobolds (D:1)
  3 bats (D:1)
  3 rats
32 creatures vanquished.

Notes
Turn   | Place    | Note
-------+----------+-------------------------------------------
     0 | D:1      | Leeroy the Gnoll Skald began the quest for the Orb.
     0 | D:1      | Reached XP level 1. HP: 20/20 MP: 6/6
   149 | D:1      | Reached XP level 2. HP: 26/26 MP: 2/7
   157 | D:1      | Learned a level 2 spell: Song of Slaying
   160 | D:1      | Learned a level 2 spell: Shroud of Golubria
   919 | D:2      | Reached XP level 3. HP: 31/31 MP: 9/9
   922 | D:2      | Reached skill level 5 in Spellcasting
   940 | D:2      | Reached skill level 1 in Invocations
   978 | D:2      | Learned a level 3 spell: Regeneration
   982 | D:2      | Learned a level 3 spell: Spectral Weapon
  1127 | D:2      | Reached skill level 1 in Short Blades
  1127 | D:2      | Reached skill level 1 in Axes
  1127 | D:2      | Reached skill level 1 in Maces & Flails
  1127 | D:2      | Reached skill level 1 in Polearms
  1127 | D:2      | Reached skill level 1 in Staves
  1127 | D:2      | Reached skill level 1 in Slings
  1127 | D:2      | Reached skill level 1 in Bows
  1127 | D:2      | Reached skill level 1 in Crossbows
  1127 | D:2      | Reached skill level 1 in Throwing
  1127 | D:2      | Reached skill level 1 in Stealth
  1127 | D:2      | Reached skill level 1 in Shields
  1127 | D:2      | Reached skill level 1 in Unarmed Combat
  1127 | D:2      | Reached skill level 1 in Evocations
  1127 | D:2      | Reached XP level 4. HP: 20/38 MP: 11/11
  1348 | D:2      | Slain by a gnoll

Vault maps used:
D:1:      dpeg_arrival_chambers_temple_mockup, minivault_11,
          chequers_serial_rivers_small_b, minmay_misc_feat_square
D:2:      minmay_chambers_of_ones, eino_tiny_chamber, st_stairs_5,
          dk_noncrumbling_4, minmay_statues_item, minmay_cupped

Skill      XL: |  1  2  3 |
---------------+----------+-----
Spellcasting   | 5 |  5.0
Invocations    | 1 |  1.1
Short Blades   | 1 |  1.0
Axes           | 1 |  1.0
Maces & Flails | 1 |  1.0
Polearms       | 1 |  1.0
Staves         | 1 |  1.0
Slings         | 1 |  1.0
Bows           | 1 |  1.0
Crossbows      | 1 |  1.0
Throwing       | 1 |  1.0
Stealth        | 1 |  1.0
Shields        | 1 |  1.0
Unarmed Combat | 1 |  1.0
Evocations     | 1 |  1.0
Fighting       | |  4.6
Long Blades    | |  4.6
Armour         | |  2.7
Dodging        | |  4.6
Conjurations   | |  0.7
Hexes          | |  0.7
Charms         | |  5.4
Summonings     | |  0.7
Necromancy     | |  0.7
Translocations | |  0.7
Transmutations | |  0.7
Fire Magic     | |  0.7
Ice Magic      | |  0.7
Air Magic      | |  0.7
Earth Magic    | |  0.7
Poison Magic   | |  0.7

Action                   |  1- 3 |  4- 6 || total
-------------------------+-------+-------++-------
Melee: Falchion          |    78 |    15 ||    93
       Bite              |     5 |     3 ||     8
 Cast: Infusion          |     2 |       ||     2
       Song of Slaying   |     1 |       ||     1
       Regeneration      |       |     2 ||     2
       Shroud of Golubri |       |     1 ||     1
  Use: Scroll            |       |     4 ||     4
 Stab: Sleeping          |     1 |       ||     1
  Eat: Chunk             |       |     1 ||     1
Armor: Leather armour    |    20 |     1 ||    21
Dodge: Dodged            |    75 |    22 ||    97
       Rpst.: Falchion   |    21 |     5 ||    26

Table legend:
 A = Non-vault XP
 B = Vault XP
 C = Vault XP percentage of total XP
 D = Non-vault monster count
 E = Vault monster count
 F = Vault count percentage of total count
                 A         B        C        D         E       F
            +---------+---------+-------+---------+---------+-------
      Total |      51 |      37 |  42.0 |      24 |       8 |  25.0
            +---------+---------+-------+---------+---------+-------
        D:1 |      33 |       0 |   0.0 |      16 |       0 |   0.0
        D:2 |      18 |      37 |  67.3 |       8 |       8 |  50.0
            +---------+---------+-------+---------+---------+-------
